| TOP OF THE 1ST |
|
Greeneville Astros batting - Pitching for Baltimore (APP) Orioles : RHP Clifton Stannard
|
|
Pitching: RHP Clifton Stannard
|
|
|
Batting: RHB Jarno van Lente
|
0-0: Ball 1-0: Foul Ball, location: 2F 1-1: Foul Ball, location: 2F 1-2: Strikes out swinging, 2-3 out at first.
|
|
Batting: RHB Keith Goodwin
|
0-0: Fly out, F9 (Line Drive, 9, EV 96.2 MPH)
|
|
Batting: RHB Hugo Priego
|
0-0: Foul Ball, location: 2F 0-1: Called Strike 0-2: Ball 1-2: Foul Ball, location: 2F 1-2: Strikes out swinging
|
| Top of the 1st over - 0 runs, 0 hits, 0 errors, 0 left on base; Greeneville 0 - Baltimore (APP) 0 |
| BOTTOM OF THE 1ST |
|
Baltimore (APP) Orioles batting - Pitching for Greeneville Astros : RHP Tony Barrios
|
|
Pitching: RHP Tony Barrios
|
|
|
Batting: RHB Ruben Domingues
|
0-0: Foul Ball, location: 2F 0-1: Fly out, F8 (Flyball, 78M, EV 89.4 MPH)
|
|
Batting: LHB Xue-liang Zhou
|
0-0: Called Strike 0-1: Swinging Strike 0-2: Strikes out swinging
|
|
Batting: LHB Jeremy Nuzzo
|
0-0: Swinging Strike 0-1: Ball 1-1: DOUBLE (Flyball, 78XD, EV 98.1 MPH)
|
|
Batting: SHB Eric Kelley
|
0-0: Called Strike 0-1: Swinging Strike 0-2: Foul Ball, location: 2F 0-2: Strikes out swinging
|
| Bottom of the 1st over - 0 runs, 1 hit, 0 errors, 1 left on base; Greeneville 0 - Baltimore (APP) 0 |
| TOP OF THE 2ND |
|
Greeneville Astros batting - Pitching for Baltimore (APP) Orioles : RHP Clifton Stannard
|
|
Batting: RHB John Moore
|
0-0: SINGLE (Groundball, 6M, EV 108.1 MPH) (infield hit)
|
|
Batting: RHB Roger Pelley
|
0-0: Ball 1-0: Called Strike 1-1: Ball 2-1: DOUBLE (Line Drive, 9LS, EV 101.2 MPH) John Moore to third
|
|
Batting: LHB Ryan Fridley
|
0-0: Ball 1-0: Called Strike 1-1: Called Strike 1-2: Strikes out looking
|
|
Batting: RHB Domingas Saragoa
|
0-0: Ball 1-0: Foul Ball, location: 2F 1-1: Ball 2-1: Foul Ball, location: 2F 2-2: Ball 3-2: Strikes out swinging
|
|
Batting: LHB Gong Tow
|
0-0: Ball 1-0: Ball 2-0: Ball 3-0: Called Strike 3-1: Base on Balls
|
|
Batting: RHB Devon Healy
|
0-0: Ball 1-0: Swinging Strike 1-1: Foul Ball, location: 2F 1-2: Strikes out swinging
|
| Top of the 2nd over - 0 runs, 2 hits, 0 errors, 3 left on base; Greeneville 0 - Baltimore (APP) 0 |
| BOTTOM OF THE 2ND |
|
Baltimore (APP) Orioles batting - Pitching for Greeneville Astros : RHP Tony Barrios
|
|
Batting: RHB C.J. Wells
|
0-0: Fly out, F7 (Flyball, 7, EV 85.6 MPH)
|
|
Batting: LHB Chris Cohen
|
0-0: Ball 1-0: Ball 2-0: Foul Ball, location: 2F 2-1: Fly out, F7 (Flyball, 7D, EV 104.4 MPH)
|
|
Batting: RHB Han Caspers
|
0-0: Fly out, F7 (Line Drive, 7S, EV 90.0 MPH)
|
| Bottom of the 2nd over - 0 runs, 0 hits, 0 errors, 0 left on base; Greeneville 0 - Baltimore (APP) 0 |
| TOP OF THE 3RD |
|
Greeneville Astros batting - Pitching for Baltimore (APP) Orioles : RHP Clifton Stannard
|
|
Batting: RHB Jarno van Lente
|
0-0: Called Strike 0-1: Ball 1-1: Ball 2-1: Foul Ball, location: 2F 2-2: Strikes out looking
|
|
Batting: RHB Keith Goodwin
|
0-0: Ball 1-0: Ball 2-0: Ground out 1-3 (Groundball, 13S, EV 68.1 MPH)
|
|
Batting: RHB Hugo Priego
|
0-0: Called Strike 0-1: Foul Ball, location: 2F 0-2: Ball 1-2: Ball 2-2: Strikes out swinging
|
| Top of the 3rd over - 0 runs, 0 hits, 0 errors, 0 left on base; Greeneville 0 - Baltimore (APP) 0 |
| BOTTOM OF THE 3RD |
|
Baltimore (APP) Orioles batting - Pitching for Greeneville Astros : RHP Tony Barrios
|
|
Batting: LHB Edwin Cabral
|
0-0: SINGLE (Groundball, 5S, EV 94.4 MPH)
|
|
Batting: LHB Ivan Alvarez
|
0-0: Foul Ball, location: 2F 0-1: Foul Ball, location: 2F 0-2: Ball 1-2: Strikes out swinging
|
|
Batting: RHB Ruben Domingues
|
0-0: Ball 1-0: SINGLE (Line Drive, 89S, EV 105.6 MPH) Edwin Cabral to second
|
|
Batting: LHB Xue-liang Zhou
|
0-0: Ball 1-0: Called Strike 1-1: Ball 2-1: Ball 3-1: Base on Balls Edwin Cabral to third Ruben Domingues to second
|
|
Batting: LHB Jeremy Nuzzo
|
0-0: Ball 1-0: Ball 2-0: Ball Wild Pitch! Edwin Cabral scores Ruben Domingues to third Xue-liang Zhou to second 3-0: Base on Balls
|
|
Batting: SHB Eric Kelley
|
0-0: Ball Passed Ball! Ruben Domingues scores Xue-liang Zhou to third Jeremy Nuzzo to second 1-0: Called Strike 1-1: Called Strike 1-2: SINGLE (Flyball, 5D, EV 93.8 MPH) Xue-liang Zhou scores Jeremy Nuzzo to third
|
|
Batting: RHB C.J. Wells
|
0-0: Ball Wild Pitch! Jeremy Nuzzo scores Eric Kelley to second 1-0: Called Strike Eric Kelley steals 3rd base 1-1: Ball 2-1: Foul Ball, location: 2F 2-2: 2-RUN HOME RUN (Flyball, 78XD, EV 106.9 MPH), Distance : 442 ft
|
|
Batting: LHB Chris Cohen
|
0-0: Ball 1-0: Called Strike 1-1: Ball 2-1: Fly out, F8 (Flyball, 8RD, EV 93.8 MPH)
|
|
Batting: RHB Han Caspers
|
0-0: Swinging Strike 0-1: Swinging Strike 0-2: Ground out 1-3 (Groundball, 15S, EV 67.5 MPH)
|
| Bottom of the 3rd over - 6 runs, 4 hits, 0 errors, 0 left on base; Greeneville 0 - Baltimore (APP) 6 |
| TOP OF THE 4TH |
|
Greeneville Astros batting - Pitching for Baltimore (APP) Orioles : RHP Clifton Stannard
|
|
Batting: RHB John Moore
|
0-0: Ball 1-0: Called Strike 1-1: Ball 2-1: Ball 3-1: Foul Ball, location: 2F 3-2: Fly out, F8 (Flyball, 8RS, EV 97.5 MPH)
|
|
Batting: RHB Roger Pelley
|
0-0: Ball 1-0: Ball 2-0: SINGLE (Line Drive, 4M, EV 108.1 MPH)
|
|
Batting: LHB Ryan Fridley
|
0-0: Swinging Strike 0-1: Grounds into double play, 5-4-3 (Groundball, 56, EV 85.0 MPH)
|
| Top of the 4th over - 0 runs, 1 hit, 0 errors, 0 left on base; Greeneville 0 - Baltimore (APP) 6 |
| BOTTOM OF THE 4TH |
|
Baltimore (APP) Orioles batting - Pitching for Greeneville Astros : RHP Tony Barrios
|
|
Pitching: RHP Marty Jackson
|
|
|
Batting: LHB Edwin Cabral
|
0-0: Swinging Strike 0-1: Ground out U3 (Groundball, 3, EV 111.2 MPH)
|
|
Batting: LHB Ivan Alvarez
|
0-0: Swinging Strike 0-1: Ground out 4-3 (Groundball, 4, EV 88.1 MPH)
|
|
Batting: RHB Ruben Domingues
|
0-0: Ball 1-0: Ball 2-0: Swinging Strike 2-1: Foul Ball, location: 2F 2-2: Foul Ball, location: 2F 2-2: Ball 3-2: Strikes out swinging
|
| Bottom of the 4th over - 0 runs, 0 hits, 0 errors, 0 left on base; Greeneville 0 - Baltimore (APP) 6 |
| TOP OF THE 5TH |
|
Greeneville Astros batting - Pitching for Baltimore (APP) Orioles : RHP Clifton Stannard
|
|
Batting: RHB Domingas Saragoa
|
0-0: Called Strike 0-1: Ball 1-1: Ball 2-1: Swinging Strike 2-2: Foul Ball, location: 2F 2-2: Strikes out swinging
|
|
Batting: LHB Gong Tow
|
0-0: Called Strike 0-1: Foul Ball, location: 2F 0-2: Ball 1-2: Foul Ball, location: 2F 1-2: Ball 2-2: Foul Ball, location: 2F 2-2: Foul Ball, location: 2F 2-2: Ball 3-2: Foul Ball, location: 2F 3-2: Strikes out swinging
|
|
Batting: RHB Devon Healy
|
0-0: Called Strike 0-1: Foul Ball, location: 2F 0-2: Foul Ball, location: 2F 0-2: Ball 1-2: Ball 2-2: Foul Ball, location: 2F 2-2: Foul Ball, location: 2F 2-2: Foul Ball, location: 2F 2-2: Strikes out swinging
|
| Top of the 5th over - 0 runs, 0 hits, 0 errors, 0 left on base; Greeneville 0 - Baltimore (APP) 6 |
| BOTTOM OF THE 5TH |
|
Baltimore (APP) Orioles batting - Pitching for Greeneville Astros : RHP Marty Jackson
|
|
Batting: LHB Xue-liang Zhou
|
0-0: Ball 1-0: Ball 2-0: Ground out 4-3 (Groundball, 4, EV 110.0 MPH)
|
|
Batting: LHB Jeremy Nuzzo
|
0-0: Ball 1-0: Fly out, F8 (Flyball, 78D, EV 93.1 MPH)
|
|
Batting: SHB Eric Kelley
|
0-0: Ball 1-0: Foul Ball, location: 2F 1-1: Swinging Strike 1-2: Foul Ball, location: 2F 1-2: Strikes out swinging
|
| Bottom of the 5th over - 0 runs, 0 hits, 0 errors, 0 left on base; Greeneville 0 - Baltimore (APP) 6 |
| TOP OF THE 6TH |
|
Greeneville Astros batting - Pitching for Baltimore (APP) Orioles : RHP Clifton Stannard
|
|
Batting: RHB Jarno van Lente
|
0-0: Foul Ball, location: 2F 0-1: Swinging Strike 0-2: Ball 1-2: Ball 2-2: Strikes out looking
|
|
Batting: RHB Keith Goodwin
|
0-0: Called Strike 0-1: Ball 1-1: Ball 2-1: Ball 3-1: Base on Balls
|
|
Batting: RHB Hugo Priego
|
0-0: Ball 1-0: Called Strike 1-1: Ball 2-1: Swinging Strike 2-2: Foul Ball, location: 2F 2-2: Ball 3-2: Foul Ball, location: 2F 3-2: Foul Ball, location: 2F 3-2: Base on Balls Keith Goodwin to second
|
|
Pitching: RHP J.J. Maetzold
|
|
|
Batting: RHB John Moore
|
0-0: Foul Ball, location: 2F 0-1: Called Strike 0-2: Ball 1-2: Foul Ball, location: 2F 1-2: Ball 2-2: Strikes out swinging
|
|
Batting: RHB Roger Pelley
|
0-0: Called Strike 0-1: Foul Ball, location: 2F 0-2: Strikes out swinging
|
| Top of the 6th over - 0 runs, 0 hits, 0 errors, 2 left on base; Greeneville 0 - Baltimore (APP) 6 |
| BOTTOM OF THE 6TH |
|
Baltimore (APP) Orioles batting - Pitching for Greeneville Astros : RHP Marty Jackson
|
|
Batting: RHB C.J. Wells
|
0-0: Ball 1-0: Foul Ball, location: 2F 1-1: Foul Ball, location: 2F 1-2: Fly out, F8 (Line Drive, 8RD, EV 94.4 MPH)
|
|
Pitching: LHP Jim Leeman
|
|
|
Batting: LHB Chris Cohen
|
0-0: Called Strike 0-1: Ball 1-1: Ball 2-1: Ground out 6-3 (Groundball, 6MD, EV 103.8 MPH)
|
|
Batting: RHB Han Caspers
|
0-0: Ball 1-0: Ball 2-0: Ground out 6-3 (Groundball, 6, EV 89.4 MPH)
|
| Bottom of the 6th over - 0 runs, 0 hits, 0 errors, 0 left on base; Greeneville 0 - Baltimore (APP) 6 |
| TOP OF THE 7TH |
|
Greeneville Astros batting - Pitching for Baltimore (APP) Orioles : RHP J.J. Maetzold
|
|
Batting: LHB Ryan Fridley
|
0-0: Called Strike 0-1: Swinging Strike 0-2: Ball 1-2: Strikes out swinging
|
|
Batting: RHB Domingas Saragoa
|
0-0: Foul Ball, location: 2F 0-1: Hit by Pitch
|
|
Batting: LHB Gong Tow
|
0-0: Ball 1-0: Foul Ball, location: 2F 1-1: Foul Ball, location: 2F 1-2: Ball 2-2: Strikes out looking
|
|
Batting: RHB Devon Healy
|
0-0: Ball 1-0: Called Strike 1-1: Swinging Strike 1-2: Foul Ball, location: 2F 1-2: Ball 2-2: Strikes out swinging
|
| Top of the 7th over - 0 runs, 0 hits, 0 errors, 1 left on base; Greeneville 0 - Baltimore (APP) 6 |
| BOTTOM OF THE 7TH |
|
Baltimore (APP) Orioles batting - Pitching for Greeneville Astros : LHP Jim Leeman
|
|
Batting: LHB Edwin Cabral
|
0-0: Foul Ball, location: 2F 0-1: Called Strike 0-2: Foul Ball, location: 2F 0-2: Ball 1-2: Foul Ball, location: 2F 1-2: Ground out 1-3 (Groundball, 34S, EV 61.9 MPH)
|
|
Batting: LHB Ivan Alvarez
|
0-0: Ball 1-0: Called Strike 1-1: Ball 2-1: Called Strike 2-2: Strikes out swinging
|
|
Batting: RHB Ruben Domingues
|
0-0: Ball 1-0: Ball 2-0: Ball 3-0: Called Strike 3-1: Fly out, F9 (Flyball, 9D, EV 95.6 MPH)
|
| Bottom of the 7th over - 0 runs, 0 hits, 0 errors, 0 left on base; Greeneville 0 - Baltimore (APP) 6 |
| TOP OF THE 8TH |
|
Greeneville Astros batting - Pitching for Baltimore (APP) Orioles : RHP J.J. Maetzold
|
|
Batting: RHB Jarno van Lente
|
0-0: Called Strike 0-1: Called Strike 0-2: Ball 1-2: Foul Ball, location: 2F 1-2: Ball 2-2: Fly out, F9 (Flyball, 9LM, EV 90.6 MPH)
|
|
Batting: RHB Keith Goodwin
|
0-0: Fly out, F7 (Flyball, 7D, EV 102.5 MPH)
|
|
Batting: RHB Hugo Priego
|
0-0: Called Strike 0-1: Called Strike 0-2: Ball 1-2: Fly out, F8 (Line Drive, 8LD, EV 101.2 MPH)
|
| Top of the 8th over - 0 runs, 0 hits, 0 errors, 0 left on base; Greeneville 0 - Baltimore (APP) 6 |
| BOTTOM OF THE 8TH |
|
Baltimore (APP) Orioles batting - Pitching for Greeneville Astros : LHP Jim Leeman
|
|
Batting: LHB Xue-liang Zhou
|
0-0: Called Strike 0-1: Foul Ball, location: 2F 0-2: Fly out, F8 (Flyball, 8LM, EV 89.4 MPH)
|
|
Batting: LHB Jeremy Nuzzo
|
0-0: Foul Ball, location: 2F 0-1: Ball 1-1: Foul Ball, location: 2F 1-2: Ball 2-2: Ball 3-2: Fly out, F9 (Flyball, 9LSF, EV 82.5 MPH)
|
|
Batting: SHB Eric Kelley
|
0-0: Ball 1-0: Ball 2-0: Foul Ball, location: 2F 2-1: Called Strike 2-2: Ball 3-2: Ground out 5-3 (Groundball, 56S, EV 73.1 MPH)
|
| Bottom of the 8th over - 0 runs, 0 hits, 0 errors, 0 left on base; Greeneville 0 - Baltimore (APP) 6 |
| TOP OF THE 9TH |
|
Greeneville Astros batting - Pitching for Baltimore (APP) Orioles : RHP J.J. Maetzold
|
|
Batting: RHB John Moore
|
0-0: Ball 1-0: Ball 2-0: Ball 3-0: Base on Balls
|
|
Batting: RHB Roger Pelley
|
0-0: Ball Wild Pitch! John Moore to second 1-0: Ball 2-0: Foul Ball, location: 2F 2-1: Swinging Strike 2-2: Ball 3-2: Base on Balls
|
|
Pitching: RHP Dave Shenton
|
|
|
Batting: LHB Ryan Fridley
|
0-0: Ball 1-0: Ball Passed Ball! John Moore to third Roger Pelley to second 2-0: Called Strike 2-1: Ball 3-1: Base on Balls
|
|
Batting: RHB Domingas Saragoa
|
0-0: Called Strike 0-1: SINGLE (Groundball, 6MD, EV 97.5 MPH) John Moore scores Roger Pelley to third Ryan Fridley to second
|
|
Batting: LHB Gong Tow
|
0-0: Ball 1-0: Called Strike 1-1: Reached on error, E3 (Groundball, 3, EV 88.8 MPH) Roger Pelley scores Ryan Fridley to third Domingas Saragoa to second
|
|
Pitching: RHP Harold Price
|
|
|
Batting: RHB Devon Healy
|
0-0: Foul Ball, location: 2F 0-1: Ball 1-1: Ball 2-1: Called Strike 2-2: Foul Ball, location: 2F 2-2: Strikes out swinging
|
|
Batting: RHB Jarno van Lente
|
0-0: Called Strike 0-1: Ball 1-1: Fielders Choice at 2nd, 5-4 (Groundball, 25, EV 85.0 MPH) Ryan Fridley scores Domingas Saragoa to third
|
|
Batting: RHB Keith Goodwin
|
0-0: Called Strike 0-1: Ball 1-1: Foul Ball, location: 2F 1-2: Strikes out swinging
|
| Top of the 9th over - 3 runs, 1 hit, 1 error, 2 left on base; Greeneville 3 - Baltimore (APP) 6 |
|